 Dungeon Crawl Stone Soup version 0.30-a0-358-g0d69a19 (webtiles) character file.

Game seed: 6575089055906569180

6108 Dorkslayer the Carver (level 11, -6/82 HPs)
             Began as a Human Fighter on Nov 10, 2022.
             Was an Initiate of Gozag.
             Drowned by a water nymph (13 damage)
             ... on level 9 of the Dungeon.
             The game lasted 00:20:01 (8268 turns).

Dorkslayer the Carver (Human Fighter)               Turns: 8268, Time: 00:20:01

Health: -6/82      AC: 17    Str: 20    XL:     11   Next: 12%
Magic:  20/20      EV:  7    Int:  7    God:    Gozag
Gold:   1456       SH: 10    Dex: 25    Spells: 10/10 levels left

rFire   . . .      SeeInvis .    l - +3 long sword
rCold   . . .      Faith    .    s - +3 buckler {rPois}
rNeg    . . .      Spirit   .    A - +0 plate armour
rPois   +          Reflect  .    (no helmet)
rElec   .          Harm     .    u - +0 cloak
rCorr   .          Rampage  .    i - +1 pair of gloves
Will    .....                    B - +0 pair of boots
Stlth   ..........               z - amulet of Hard Scrabble {Acrobat Str+3 Int-4 Dex+5}
HPRegen 0.33/turn                f - +6 ring of dexterity
MPRegen 0.17/turn                p - ring of magical power

@: very slow
A: no striking features
a: Renounce Religion, Potion Petition, Call Merchant, Bribe Branch


You were on level 9 of the Dungeon.
You worshipped Gozag.
Gozag was most pleased with you.
You visited 1 branch of the dungeon, and saw 9 of its levels.

You collected 1496 gold pieces.
You paid 40 gold pieces to Gozag.

Inventory:

Hand Weapons
 a - a +0 long sword
 l - a +3 long sword (weapon)
Missiles
 o - 7 boomerangs (quivered)
 y - 23 poisoned darts
 E - 2 curare-tipped darts
Armour
 i - a +1 pair of gloves (worn)
 s - a +3 buckler of poison resistance (worn)
 u - a +0 cloak (worn)
 A - a +0 plate armour (worn)
 B - a +0 pair of boots (worn)
Jewellery
 f - a +6 ring of dexterity (left hand)
 p - a ring of magical power (right hand)
 z - the amulet of Hard Scrabble (around neck) {Acrobat Str+3 Int-4 Dex+5}
   (You took it off an orc warrior on level 5 of the Dungeon)

   [amulet of the acrobat]

   It increases your evasion while moving and waiting.
   Str:       It affects your strength (+3).
   Int:       It affects your intelligence (-4).
   Dex:       It affects your dexterity (+5).
Wands
 q - a wand of polymorph (7)
Scrolls
 b - a scroll of blinking
 d - a scroll of magic mapping
 e - 3 scrolls of immolation
 g - 3 scrolls of teleportation
 h - 2 scrolls of enchant armour
 m - 4 scrolls of amnesia
Potions
 n - 3 potions of brilliance
 r - 2 potions of flight
 w - 2 potions of cancellation
 x - 2 potions of heal wounds
 C - a potion of invisibility {unknown}
 F - a potion of mutation {unknown}
 G - a potion of curing


   Skills:
 + Level 6.3 Fighting
 + Level 8.9 Long Blades
 - Level 6.0 Throwing
 + Level 6.0 Armour
 + Level 2.7 Dodging
 + Level 1.8 Stealth
 + Level 6.8 Shields
 * Level 5.8 Evocations


You had 10 spell levels left.
You didn't know any spells.
Your spell library contained the following spells:

 Spells                   Type           Power      Damage    Failure   Level
 Apportation              Tloc           0%         N/A       100%        1
 Foxfire                  Conj/Fire      0%         2x1d4     100%        1
 Magic Dart               Conj           0%         1d3       100%        1
 Necrotise                Necr           0%         1d4       100%        1
 Summon Small Mammal      Summ           0%         N/A       100%        1
 Call Imp                 Summ           0%         N/A       100%        2
 Cigotuvi's Dreadful Rot  Necr/Pois/Air  0%         N/A       100%        2
 Ensorcelled Hibernation  Hex/Ice        0%         N/A       100%        2
 Passwall                 Tmut/Erth      0%         N/A       100%        2
 Poisonous Vapours        Pois/Air       0%         N/A       100%        2
 Scorch                   Fire           0%         2d5       100%        2
 Call Canine Familiar     Summ           0%         N/A       100%        3
 Mephitic Cloud           Conj/Pois/Air  0%         N/A       100%        3
 Summon Guardian Golem    Hex/Summ       0%         N/A       100%        3
 Swiftness                Air            0%         N/A       100%        3
 Flame Wave               Conj/Fire      0%         2d4       100%        4
 Fireball                 Conj/Fire      0%         3d3       100%        5
 Iskenderun's Battlesphe  Conj           0%         2d6       100%        5
 Iron Shot                Conj/Erth      0%         9d1       100%        6
 Starburst                Conj/Fire      0%         6d3       100%        6
 Summon Cactus Giant      Summ           0%         N/A       100%        6
 Spellforged Servitor     Conj/Summ      0%         N/A       100%        7


Dungeon Overview and Level Annotations

Branches:
Dungeon (9/15)             Temple (0/1) D:4            Lair (0/5) D:8
    Orc: D:9-12

Altars:
Dithmenos
Elyvilon
Gozag
Uskayaw
Yredelemnul

Annotations:
D:7 5 runed translucent doors


Message History

Things that are here:
a +0 giant spiked club; a +0 giant spiked club A boulder beetle comes into view.
Things that are here:
a +0 giant spiked club; a +0 giant spiked club
There is a stone staircase leading up here.
Aiming: Polymorph
Press: ? - help, Shift-Dir - straight line, f - boulder beetle
Aim: a boulder beetle (will become a great orb of eyes, a shock serpent, or a radroach, chance to affect: 46%)
The boulder beetle evaporates and reforms as a radroach!
Aiming: Polymorph
Press: ? - help, Shift-Dir - straight line, f/p - radroach
Aim: a radroach (will become a glowing shapeshifter, a bunyip, or a water nymph, chance to affect: 28%)
The radroach evaporates and reforms as a water nymph!
You enter the shallow water.
Moving in this stuff is going to be slow.
The water nymph touches you. The water nymph drowns you!
You miss the water nymph.
The water nymph gestures at you while chanting.
The water swirls and strikes you!!
You closely miss the water nymph. You block the water nymph's attack.
You slash the water nymph!
The water nymph is heavily wounded.
The water nymph touches you. The water nymph drowns you!
You slash the water nymph!
The water nymph is severely wounded.
Your unstable footing causes you to fumble your attack.
The water nymph gestures at you while chanting.
The water swirls and strikes you!!
* * * LOW HITPOINT WARNING * * *
You hit the water nymph.
The water nymph is severely wounded.
The water nymph touches you. The water nymph drowns you!
* * * LOW HITPOINT WARNING * * *
Your unstable footing causes you to fumble your attack.
The water nymph touches you.
* * * LOW HITPOINT WARNING * * *
The water nymph drowns you!
You die...
Your body crumbles into a pile of gold.

#......# #......# $
#......## ...
#.......# B.
#.......# ..
###........ .
#.......... #.
#..<....... #.######
#~@........
#......####m~..######
#...B....)~~~..#
#.########.....# #
#.....# #.....#
#....## #....# #....#


You could see a water nymph.

Vanquished Creatures
  2 two-headed ogres
  Pikel (D:6)
  Prince Ribbit (D:5)
  3 yaks (D:8)
  Eustachio (D:6)
  3 steam dragons
  A water moccasin (D:5)
  2 orc warriors
  3 black bears
  Duvessa (D:6)
  4 ice beasts
  An ogre (D:4)
  A sky beast (D:7)
  3 centaurs
  2 phantoms
  4 kobold brigands (D:8)
  Blork the orc (D:6)
  2 bullfrogs (D:6)
  A necrophage (D:4)
  A scorpion (D:4)
  7 wights (D:8)
  Dowan (D:6)
  A howler monkey (D:5)
  A jelly (D:6)
  3 orc priests
  2 gnoll boudas
  4 hounds
  An iguana (D:5)
  2 orc wizards (D:7)
  11 gnolls
  3 adders
  2 shadow imps
  A white imp (D:7)
  4 worms (D:2)
  A dart slug (D:1)
  19 orcs
  5 bats
  7 endoplasms
  2 giant cockroaches (D:1)
  9 goblins
  7 hobgoblins
  9 jackals
  26 kobolds
  4 quokkas
  7 ball pythons
  5 frilled lizards
  3 rats
185 creatures vanquished.

Notes
Turn   | Place    | Note
-------+----------+-------------------------------------------
     0 | D:1      | Dorkslayer the Human Fighter began the quest for the Orb.
     0 | D:1      | Reached XP level 1. HP: 18/18 MP: 1/1
   120 | D:1      | Reached XP level 2. HP: 18/24 MP: 2/2
   427 | D:1      | Reached XP level 3. HP: 29/29 MP: 3/3
   881 | D:2      | Noticed a phantom
   896 | D:2      | Killed a phantom
   897 | D:2      | Reached skill level 3 in Long Blades
   897 | D:2      | Reached skill level 1 in Dodging
   897 | D:2      | Reached XP level 4. HP: 14/37 MP: 4/4
   897 | D:2      | Reached XP level 5. HP: 16/42 MP: 5/5
  1895 | D:3      | Found an opulent altar of Gozag.
  1895 | D:3      | Found a shadowy altar of Dithmenos.
  1900 | D:3      | Became a worshipper of Gozag Ym Sagoz the Greedy
  2608 | D:4      | Noticed an ogre
  2615 | D:4      | Reached skill level 4 in Long Blades
  2615 | D:4      | Reached XP level 6. HP: 46/48 MP: 6/6
  2616 | D:4      | Killed an ogre
  2617 | D:4      | Reached skill level 1 in Throwing
  2617 | D:4      | Reached skill level 1 in Evocations
  2685 | D:4      | Found a staircase to the Ecumenical Temple.
  2733 | D:4      | Reached XP level 7. HP: 36/54 MP: 7/7
  3271 | D:5      | Entered Level 5 of the Dungeon
  3645 | D:5      | Reached XP level 8. HP: 61/61 MP: 8/8
  3892 | D:6      | Noticed Prince Ribbit
  3929 | D:5      | Killed Prince Ribbit
  3930 | D:5      | Reached skill level 5 in Long Blades
  4166 | D:6      | Noticed Dowan
  4166 | D:6      | Noticed Duvessa
  4192 | D:6      | Killed Duvessa
  4193 | D:6      | HP: 1/61 [Dowan/shard of ice (25)]
  4195 | D:6      | Killed Dowan
  4408 | D:6      | Reached skill level 5 in Shields
  4413 | D:6      | Reached XP level 9. HP: 59/67 MP: 9/9
  4570 | D:6      | Noticed Blork the orc
  4599 | D:6      | Killed Blork the orc
  4600 | D:6      | Reached skill level 6 in Long Blades
  4617 | D:6      | Reached skill level 5 in Fighting
  4875 | D:6      | Reached skill level 1 in Stealth
  4997 | D:6      | Noticed Eustachio
  5023 | D:6      | Killed Eustachio
  5178 | D:6      | Identified the amulet of Hard Scrabble {Acrobat Str+3 Int-4
                  | Dex+5}
  5516 | D:7      | Noticed Pikel
  5558 | D:6      | Killed Pikel
  5559 | D:6      | Reached skill level 7 in Long Blades
  5559 | D:6      | Reached skill level 5 in Armour
  5559 | D:6      | Reached XP level 10. HP: 52/74 MP: 10/10
  5777 | D:7      | Found a runed translucent door.
  5780 | D:7      | Found a runed translucent gate.
  5781 | D:7      | Found the +9 staff of Olgreb {rPois∞}
  5785 | D:7      | Found a runed translucent door.
  5809 | D:7      | Found a hide-covered altar of Uskayaw.
  5997 | D:7      | Reached skill level 5 in Throwing
  6087 | D:7      | Found a runed translucent gate.
  6087 | D:7      | Found a runed translucent gate.
  6971 | D:8      | Reached skill level 5 in Evocations
  7103 | D:8      | Reached skill level 8 in Long Blades
  7348 | D:8      | Found a staircase to the Lair.
  7781 | D:8      | Found a basalt altar of Yredelemnul.
  7828 | D:8      | Found a white marble altar of Elyvilon.
  8027 | D:8      | Noticed a two-headed ogre
  8036 | D:8      | Killed a two-headed ogre
  8037 | D:8      | Reached XP level 11. HP: 81/81 MP: 11/11
  8102 | D:9      | Noticed a two-headed ogre
  8113 | D:9      | Killed a two-headed ogre
  8245 | D:9      | Noticed a boulder beetle
  8259 | D:9      | a boulder beetle changed into a radroach
  8259 | D:9      | Noticed a radroach
  8260 | D:9      | a radroach changed into a water nymph
  8268 | D:9      | Drowned by a water nymph

Illustrated notes

Levels and vault maps discovered:
D:1:      minmay_arrival_doors, layout_basic
D:2:      layout_loops_ring
D:3:      layout_basic, gammafunk_temple_overflow_statue, corexii_corridor_pit
D:4:      layout_loops_ring, minmay_temple_entry_ruins, st_stairs_7,
          chequers_garden
D:5:      layout_rooms
D:6:      layout_cave_pools, uniq_duvessa, uniq_eustachio, uniq_blork_the_orc,
          uniq_prince_ribbit1
D:7:      layout_loops_cross, overflow_temple_1_default,
          minmay_guarded_unrand_staff_of_olgreb, uniq_pikel
D:8:      layout_basic, kennysheep_ying_yang
D:9:      layout_irregular_city, mainiacjoe_overflow_tiny_flanked,
          nicolae_hepliaklqana_hazy_memory, uniq_maurice

Skill      XL: |  1  2  3  4  5  6  7  8  9 10 11 |
---------------+----------------------------------+-----
Fighting       | 4 5 6 |  6.3
Long Blades    | 3 4 5 7 8 |  8.9
Dodging        | 1 2 |  2.7
Throwing       | 1 2 3 4 5 6 |  6.0
Evocations     | 1 3 4 5 |  5.8
Shields        | 4 5 6 |  6.8
Armour         | 4 5 6 |  6.0
Stealth        | 1 |  1.8

Action                   |  1- 3 |  4- 6 |  7- 9 | 10-12 || total
-------------------------+-------+-------+-------+-------++-------
Melee: Long sword        |   115 |   121 |   299 |   278 ||   813
Throw: Boomerang         |       |       |    39 |    19 ||    58
       Dart              |       |       |     3 |       ||     3
Evoke: Wand              |       |       |       |     2 ||     2
  Use: Scroll            |       |     7 |     3 |    10 ||    20
       Potion            |       |     1 |     3 |     1 ||     5
 Stab: Distracted        |       |       |       |     3 ||     3
Armor: Scale mail        |    74 |    43 |    33 |       ||   150
       Chain mail        |       |       |   105 |     2 ||   107
       Plate armour      |       |       |       |   126 ||   126
Dodge: Dodged            |    54 |    58 |   123 |    74 ||   309
Block: Buckler           |    33 |    27 |   149 |   132 ||   341

Table legend: (Time is in decaauts)
 A = Elapsed time spent in this place.
 B = Non-inter-level travel time spent in this place.
 C = Inter-level travel time spent in this place.
 D = Time resting spent in this place.
 E = Time spent auto-exploring this place.
 F = Levels seen in this place.
 G = Mean time per level.
                   A        B        C        D        E       F      G
               +--------+--------+--------+--------+--------+-----+--------+
         Total |   8400 |   8396 |      4 |    842 |   3852 |   9 |  933.3 |
       Dungeon |   8400 |   8396 |      4 |    842 |   3852 |   9 |  933.3 |
               +--------+--------+--------+--------+--------+-----+--------+

Top non-repeatable levels by time:
     D:8: 1461 daAuts
     D:6: 1452 daAuts
     D:3: 1047 daAuts
     D:7: 997 daAuts
     D:5: 930 daAuts
     D:1: 871 daAuts
     D:4: 770 daAuts
     D:2: 701 daAuts
     D:9: 167 daAuts
